 Dungeon Crawl Stone Soup version 0.30.1 (webtiles) character file.

Game seed: 6116515825494576305

18055 LustLizard the Basher (level 12, -17/75 HPs)
             Began as a Gargoyle Fighter on July 12, 2023.
             Was an Elder of the Shining One.
             Demolished by a freezing wraith (20 damage)
             ... in an ice cave.
             The game lasted 00:26:32 (13915 turns).

LustLizard the Basher (Gargoyle Fighter)           Turns: 13915, Time: 00:26:33

Health: -17/75     AC: 28    Str: 20    XL:     12   Next: 54%
Magic:  21/21      EV: 10    Int: 17    God:    the Shining One [****..]
Gold:   862        SH:  5    Dex:  9    Spells: 17/23 levels left

rFire   . . .        C - +2 whip (elec)
rCold   . . .        c - +0 buckler
rNeg    + + +        L - +0 chain mail
rPois   ∞            R - +2 helmet {Int+3}
rElec   +            F - +1 cloak
rCorr   .            u - +0 pair of gloves
SInv    .            W - +1 pair of boots
Will    .....        q - amulet of regeneration Stlth
                     r - +4 ring of slaying
HPRegen 1.12/turn    I - +5 ring of evasion
MPRegen 0.17/turn

%: no passive effects
@: glowing, constricted
A: sickness immunity, AC +8, negative energy resistance 1, electricity
resistance, torment resistance 1, petrification resistance
a: Renounce Religion, Divine Shield, Cleansing Flame


You were in an ice cave.
You worshipped the Shining One.
The Shining One was greatly pleased with you.
You visited 3 branches of the dungeon, and saw 15 of its levels.
You also visited: Ice Cave and Volcano.

You collected 862 gold pieces.

Inventory:

Hand Weapons
 C - a +2 whip of electrocution (weapon)
Missiles
 o - 33 poisoned darts
 H - 6 curare-tipped darts
 M - a throwing net
Armour
 c - a +0 buckler (worn)
 u - a +0 pair of gloves (worn)
 E - +0 fire dragon scales
 F - a +1 cloak (worn)
 L - a +0 chain mail (worn)
 R - a +2 helmet of intelligence (worn)
 W - a +1 pair of boots (worn)
Jewellery
 k - a ring of resist corrosion
 q - an amulet of regeneration (around neck)
 r - a +4 ring of slaying (left hand)
 s - a ring of willpower
 t - the ring of Nihilism {*Corrode rF+ Str+6 SInv}
   (You found it on level 2 of the Dungeon)

   [ring of protection from fire]

   Str:       It affects your strength (+6).
   rF:        It protects you from fire.
   SInv:      It lets you see invisible.
   *Corrode:  It may corrode you when you take damage.
 B - a ring of protection from fire
 I - a +5 ring of evasion (right hand)
 T - a ring of ice
 U - a +6 ring of dexterity
 X - a ring of wizardry
Wands
 a - a wand of light (8)
 h - a wand of digging (3)
 x - a wand of flame (7)
 J - a wand of roots (24)
 N - a wand of paralysis (16)
Scrolls
 b - 2 scrolls of acquirement {unknown}
 e - 5 scrolls of enchant armour {unknown}
 f - 4 scrolls of magic mapping
 g - 3 scrolls of poison {unknown}
 i - a scroll of brand weapon {unknown}
 j - 3 scrolls of noise {unknown}
 m - 2 scrolls of torment {unknown}
 n - 6 scrolls of teleportation
 v - a scroll of immolation {unknown}
 w - 4 scrolls of enchant weapon
 y - 4 scrolls of fear {unknown}
 A - 2 scrolls of silence {unknown}
 D - a scroll of blinking
 S - 4 scrolls of fog {unknown}
 Y - 3 scrolls of summoning {unknown}
Potions
 d - 2 potions of might
 l - 5 potions of brilliance
 p - 3 potions of heal wounds
 z - 2 potions of ambrosia
 G - 7 potions of curing
 K - 3 potions of resistance
 O - 3 potions of flight
 P - 2 potions of magic
 V - a potion of cancellation
 Z - a potion of haste {unknown}
Miscellaneous
 Q - a condenser vane (inert)


   Skills:
 + Level 8.4 Fighting
 * Level 10.4 Maces & Flails
 + Level 6.4 Armour
 - Level 6.0 Shields
 + Level 6.2 Spellcasting
 * Level 7.6 Conjurations
 * Level 2.3 Transmutations
 * Level 3.2 Fire Magic
 * Level 5.6 Air Magic
 * Level 6.9 Poison Magic
 + Level 0.7 Invocations
 + Level 0.5 Evocations


You had 17 spell levels left.
You knew the following spells:

 Your Spells              Type           Power      Damage    Failure   Level
a - Mephitic Cloud        Conj/Pois/Air  28%        N/A       19%         3
b - Ignite Poison         Fire/Tmut/Pois 19%        N/A       50%         3

Your spell library contained the following spells:

 Spells                   Type           Power      Damage    Failure   Level
 Magic Dart               Conj           100%       1d8       4%          1
 Searing Ray              Conj           62%        2d6       7%          2
 Kiss of Death            Conj/Necr      72%        2d10      22%         1
 Spider Form              Tmut/Pois      21%        N/A       41%         3
 Wereblood                Tmut           13%        N/A       52%         2
 Necrotise                Necr           20%        1d5       71%         1
 Sticky Flame             Conj/Fire      23%        2d4       73%         4
 Call Imp                 Summ           10%        N/A       83%         2
 Ensorcelled Hibernation  Hex/Ice        10%        N/A       83%         2
 Fulminant Prism          Conj/Hex       9%         3d6       91%         4
 Summon Guardian Golem    Hex/Summ       5%         N/A       97%         3
 Anguish                  Hex/Necr       2%         N/A       100%        4
 Summon Ice Beast         Ice/Summ       5%         N/A       100%        4
 Summon Mana Viper        Hex/Summ       5%         N/A       100%        5
 Monstrous Menagerie      Summ           2%         N/A       100%        7
 Orb of Destruction       Conj           15%        9d7       100%        7
 Spellforged Servitor     Conj/Summ      9%         N/A       100%        7
 Summon Hydra             Summ           2%         N/A       100%        7
 Ignition                 Fire           8%         3d5       100%        8
 Sublimation of Blood     Necr           Unusable   N/A       N/A         2

Dungeon Overview and Level Annotations

Branches:
Dungeon (12/15)            Temple (1/1) D:6            Lair (2/5) D:9
    Orc (0/2) D:10          IceCv (1/1)             Volcano (visited)
  Swamp: Lair:2-3    Shoals: Lair:2-3     Snake: Lair:2-3    Spider: Lair:2-3

Altars:
Fedhas
Gozag
Makhleb
Qazlal
Ru
Uskayaw
Wu Jian
Xom
The Shining One

Annotations:
D:5 1 runed translucent door, Sanktem7's ghost, novice MiFi


Innate Abilities, Weirdness & Mutations

You are immune to sickness and miasma.
Your stone body is resilient. (AC +8)
You are immune to poison.
You resist negative energy. (rN+)
You are resistant to electric shocks. (rElec)
You are resistant to unholy torment.
You are immune to petrification.


Message History

The dire elephant simulacrum tramples you but does no damage.
The dire elephant simulacrum trunk-slaps you but does no damage.
You closely miss the anaconda simulacrum.
The anaconda simulacrum is moderately damaged.
The anaconda simulacrum bites you but does no damage.
The anaconda simulacrum constricts you.
Unknown command.
You whack the anaconda simulacrum!
The anaconda simulacrum is severely damaged.
The anaconda simulacrum bites you but does no damage.
The anaconda simulacrum constricts you.
The three-headed hydra simulacrum misses you.
The three-headed hydra simulacrum bites you but does no damage. x2
The dire elephant simulacrum tramples you!
* * * LOW HITPOINT WARNING * * *
You are held in place!
The dire elephant simulacrum trunk-slaps you but does no damage.
You feel much better.
The anaconda simulacrum barely misses you.
The anaconda simulacrum constricts you.
The freezing wraith hits you but does no damage. x2
Activating: Cleansing Flame (77% risk of failure)
Press: ? - help, Dir - look around, f - activate You fail to use your ability.
The anaconda simulacrum misses you. The anaconda simulacrum constricts you.
The three-headed hydra simulacrum bites you.
The three-headed hydra simulacrum freezes you!
* * * LOW HITPOINT WARNING * * *
The three-headed hydra simulacrum bites you but does no damage.
The three-headed hydra simulacrum closely misses you.
The dire elephant simulacrum tramples you but does no damage.
The dire elephant simulacrum trunk-slaps you but does no damage.
The anaconda simulacrum bites you.
* * * LOW HITPOINT WARNING * * *
The anaconda simulacrum freezes you!! The Shining One protects you from harm!
The anaconda simulacrum constricts you. The freezing wraith hits you!
* * * LOW HITPOINT WARNING * * *
The freezing wraith freezes you!!
You die...

#......$......#
#....8...8....#
#.............#
#...........#
#...........#
#.....Z.....#
#...ZZZ...#
#.ZW@...#
##..∩..##
#######


You could see a freezing wraith, an anaconda simulacrum, a three-headed hydra
simulacrum, an elephant simulacrum, a dire elephant simulacrum and a polar bear
simulacrum.

Vanquished Creatures
  A hydra (Lair:2)
  3 two-headed ogres
  A catoblepas (Lair:1)
  A cyclops (D:12)
  2 gargoyles
  3 cane toads (Lair:2)
  A kobold demonologist (D:12)
  2 unseen horrors (D:11)
  An efreet (Volcano)
  2 ice devils (Lair:2)
  2 komodo dragons (Lair:1)
  A troll (D:9)
  Grinder (D:3)
  7 blink frogs
  15 yaks
  A fire bat (D:4)
  A vampire (D:12)
  2 wraiths
  2 shadows
  3 fire elementals (Volcano)
  A basilisk (Lair:1)
  3 wyverns
  A steam dragon (D:7)
  2 vampire mosquitoes (D:12)
  3 acid dragons
  3 water moccasins
  An orc warrior (D:9)
  A sky beast (D:8)
  3 ice beasts
  A black bear (D:5)
  3 ogres
  5 centaurs (D:11)
  2 phantoms
  2 kobold brigands
  2 bullfrogs
  4 scorpions
  3 gnoll sergeants
  10 wights
  18 killer bees
  A troll zombie (D:10)
  3 howler monkeys
  5 jellies
  3 hounds
  6 orc priests
  A gnoll bouda (D:6)
  An iguana (D:5)
  Jessica (D:2)
  11 orc wizards
  5 ogre zombies (D:10)
  20 gnolls
  6 adders
  2 white imps (D:8)
  An ufetubus (D:6)
  A worm (D:2)
  3 dart slugs
  31 orcs
  7 endoplasms
  3 giant cockroaches
  4 goblins
  4 hobgoblins
  6 jackals (D:2)
  4 quokkas
  7 ball pythons
  3 bats
  4 frilled lizards
  A goblin skeleton (D:10)
  2 hobgoblin skeletons (D:10)
  2 hobgoblin zombies (D:10)
  20 kobolds
  2 orc skeletons (D:10)
  12 orc zombies (D:10)
  13 rats
315 creatures vanquished.

Notes
Turn   | Place    | Note
-------+----------+-------------------------------------------
     0 | D:1      | LustLizard the Gargoyle Fighter began the quest for the
                  | Orb.
     0 | D:1      | Reached XP level 1. HP: 14/14 MP: 1/1
   145 | D:1      | Reached XP level 2. HP: 14/19 MP: 2/2
   577 | D:1      | Reached XP level 3. HP: 23/23 MP: 3/3
   948 | D:2      | Reached skill level 3 in Maces & Flails
  1003 | D:2      | Identified the ring of Nihilism {*Corrode rF+ Str+6 SInv}
  1089 | D:2      | Noticed Jessica
  1102 | D:2      | Killed Jessica
  1103 | D:2      | Reached XP level 4. HP: 20/29 MP: 2/5
  1114 | D:2      | Got Jessica's Compendium of Darkness
  1454 | D:2      | Reached skill level 1 in Spellcasting
  1456 | D:2      | Reached XP level 5. HP: 15/33 MP: 3/6
  1660 | D:3      | Noticed Grinder
  1698 | D:3      | Killed Grinder
  1699 | D:3      | Reached skill level 4 in Maces & Flails
  1699 | D:3      | Reached XP level 6. HP: 27/39 MP: 5/8
  2408 | D:4      | Found a transporter.
  2409 | D:4      | Noticed a fire bat
  2419 | D:4      | Reached skill level 5 in Maces & Flails
  2419 | D:4      | Reached XP level 7. HP: 44/44 MP: 10/10
  2471 | D:4      | Reached skill level 5 in Fighting
  2471 | D:4      | Reached skill level 5 in Shields
  3190 | D:4      | Found a transporter.
  4353 | D:4      | Killed a fire bat
  4354 | D:4      | Reached skill level 6 in Maces & Flails
  4354 | D:4      | Reached XP level 8. HP: 47/50 MP: 12/12
  4455 | D:5      | Entered Level 5 of the Dungeon
  4455 | D:5      | Found a runed translucent door.
  4630 | D:5      | Found a sacrificial altar of Ru.
  4907 | D:5      | Reached skill level 7 in Maces & Flails
  5180 | D:5      | Noticed Sanktem7's ghost (novice MiFi)
  5428 | D:6      | Reached XP level 9. HP: 56/56 MP: 15/15
  5457 | D:6      | Learned a level 3 spell: Mephitic Cloud
  5564 | D:6      | Reached skill level 1 in Conjurations
  5567 | D:6      | Reached skill level 1 in Poison Magic
  5665 | D:6      | Reached skill level 1 in Air Magic
  5699 | D:6      | Identified the +3 spear of Fiopiux {vamp, Str+6 Int+3
                  | Dex-4}
  6196 | D:6      | Found a staircase to the Ecumenical Temple.
  6342 | Temple   | Entered the Ecumenical Temple
  6347 | Temple   | Became a worshipper of the Shining One
  6539 | D:7      | Reached skill level 8 in Maces & Flails
  6914 | D:7      | You fall into a shaft and drop 1 floor!
  7479 | D:8      | Reached XP level 10. HP: 61/63 MP: 17/17
  7801 | D:8      | Identified the +2 short sword "Xatsia" {protect, rElec rN++
                  | rCorr Int-5}
  7865 | D:8      | Reached * piety under the Shining One
  8362 | D:9      | Reached skill level 5 in Spellcasting
  8385 | D:9      | Found a staircase to the Lair.
  8498 | D:9      | Noticed a two-headed ogre
  8512 | D:9      | Killed a two-headed ogre
  8810 | D:9      | Reached skill level 5 in Armour
  9090 | D:10     | Entered Level 10 of the Dungeon
  9123 | D:10     | Noticed a two-headed ogre
  9134 | D:10     | Killed a two-headed ogre
  9135 | D:10     | Reached skill level 9 in Maces & Flails
  9135 | D:10     | Reached skill level 5 in Conjurations
  9361 | D:10     | Reached ** piety under the Shining One
  9387 | D:10     | Reached XP level 11. HP: 31/68 MP: 8/19
  9398 | D:10     | Reached skill level 5 in Poison Magic
  9426 | D:10     | Found a staircase to the Orcish Mines.
  9429 | D:10     | Reached *** piety under the Shining One
 10036 | D:10     | Found an ornate altar of the Wu Jian Council.
 10716 | D:11     | Found a blossoming altar of Fedhas.
 11508 | D:11     | Noticed a two-headed ogre
 11513 | D:11     | Killed a two-headed ogre
 11769 | D:12     | Reached skill level 5 in Air Magic
 11859 | D:12     | Learned a level 3 spell: Ignite Poison
 12303 | D:12     | Noticed a cyclops
 12320 | D:12     | Killed a cyclops
 12602 | Lair:1   | Entered Level 1 of the Lair of Beasts
 12748 | Lair:1   | Reached **** piety under the Shining One
 12756 | Lair:1   | Reached skill level 1 in Fire Magic
 12768 | Lair:1   | Noticed a catoblepas
 12775 | Lair:1   | Reached skill level 10 in Maces & Flails
 12800 | Lair:1   | Killed a catoblepas
 12801 | Lair:1   | Reached skill level 1 in Transmutations
 12826 | Lair:1   | Reached XP level 12. HP: 30/74 MP: 10/20
 13477 | Lair:2   | Noticed a six-headed hydra
 13487 | Lair:2   | Killed a six-headed hydra
 13538 | Lair:2   | Found a dark tunnel.
 13543 | Volcano  | Entered a volcano
 13882 | Lair:2   | Found a frozen archway.
 13905 | IceCv    | Entered an ice cave
 13915 | IceCv    | The Shining One protects you from harm!
 13915 | IceCv    | HP: 3/75 [freezing wraith (11)]
 13915 | IceCv    | Demolished by a freezing wraith

Illustrated notes

Levels and vault maps discovered:
D:1:      amcnicky_arrival_wind_blow, layout_loops_ring, minmay_tetromino_o4
D:2:      layout_rooms, kennysheep_flooded_box, grunt_ministairs_5,
          kennysheep_jessica_study
D:3:      layout_basic, nicolae_underground_beach, uniq_grinder
D:4:      gammafunk_cloud_chamber, layout_basic
D:5:      layout_gridville, nicolae_ru_great_annihilating_truth,
          ebering_ghost_sewer_d, wad_floor_pattern_untrapped
D:6:      layout_cave_pools, lemuel_temple_firewalk_b, corexii_checkpoint_a
D:7:      layout_basic, lightli_temple_of_fire
D:8:      layout_loops_ring, serial_aquarium, aquarium_bridge_square
          [aquarium_subvault_bridge, aquarium_subvault_bridge,
          aquarium_subvault_wall, aquarium_subvault_window],
          aquarium_bridge_straight [aquarium_subvault_bridge,
          aquarium_subvault_balcony, aquarium_subvault_bridge,
          aquarium_subvault_window], aquarium_window_1, aquarium_window_fake,
          aquarium_window_3, aquarium_view_2e, aquarium_balcony_double_4
D:9:      layout_loops_cross, dpeg_oklobed_lair
D:10:     layout_roguey, kennysheep_little_box, zombieorc1_lemuel
D:11:     layout_cave_pools, fedhas_altar_3
D:12:     layout_stronghold, nicolae_concentric_dashed_squares_wild
Temple:   hellmonk_temple_of_storms
Lair:1:   layout_cave_shapes
Lair:2:   layout_long_grid, enter_volcano_4, portal_ice_cave_demonic_guard,
          chequers_serial_rivers_micro_b
IceCv:    ice_cave_statue_garden_transporter

Skill      XL: |  1  2  3  4  5  6  7  8  9 10 11 12 |
---------------+-------------------------------------+-----
Maces & Flails | 3 4 5 6 7 8 9 10 | 10.4
Fighting       | 4 5 6 7 8 |  8.4
Spellcasting   | 1 2 3 4 5 6 |  6.2
Shields        | 4 5 6 |  6.0
Conjurations   | 3 5 6 7 |  7.6
Poison Magic   | 3 4 6 |  6.9
Air Magic      | 2 4 5 |  5.6
Armour         | 4 5 6 |  6.4
Fire Magic     | 1 3 |  3.2
Transmutations | 1 2 |  2.3
Invocations    | |  0.7
Evocations     | |  0.5

Action                     |  1- 3 |  4- 6 |  7- 9 | 10-12 || total
---------------------------+-------+-------+-------+-------++-------
  Melee: Flail             |   122 |    46 |       |       ||   168
         Whip              |       |    46 |   388 |   689 ||  1123
  Throw: Dart              |     2 |     4 |       |     6 ||    12
  Evoke: Wand              |       |       |       |     6 ||     6
         Condenser vane    |       |       |       |     1 ||     1
    Use: Scroll            |     2 |     1 |     5 |     8 ||    16
         Potion            |       |       |       |     3 ||     3
   Stab: Invisible         |       |       |     1 |       ||     1
 Armour: Scale mail        |    54 |    37 |    19 |       ||   110
         Fire dragon scale |       |       |     6 |    12 ||    18
         Chain mail        |       |       |   146 |   201 ||   347
  Dodge: Dodged            |    36 |    28 |   114 |   252 ||   430
  Block: Buckler           |    22 |    11 |    74 |   128 ||   235
